Map: Galactic Process LE

Players

Gofito - Winner!

  • Race: Terran Terran
  • League: Bronze

Gracz

  • Race: Protoss Protoss
  • League: Bronze

VOD

Have the link to the VOD?

Description

Time

  • Played on: Aug. 31, 2016, 11:59 a.m.
  • Length: 8:43
Show
View Real Time Build Order
Export as new Build Order

Gofito Terran - Winner!

Build Orders: MMM Bio 

Get SALT Encoding   

  12  0:01  SCV  
  13  0:29  SCV  
  13  0:30  Supply Depot  
  14  0:42  SCV  
  15  0:45  Refinery  
  15  0:53  Barracks  
  15  0:54  SCV  
  16  1:06  SCV  
  17  1:18  SCV  
  18  1:40  Marine, Orbital Command  
  19  1:51  Refinery  
  19  1:58  Marine  
  20  2:18  SCV  
  21  2:23  Marine  
  21  2:26  Supply Depot  
  22  2:30  SCV  
  23  2:47  Marine, SCV  
  23  2:51  Factory  
  25  2:59  SCV  
  25  3:05  Marine  
  27  3:11  SCV  
  28  3:22  Marine  
  29  3:35  Barracks  
  29  3:40  Marine  
  30  3:49  Hellion  
  31  4:06  Marine  
  31  4:15  Hellion  
  30  4:25  Supply Depot  
  30  4:28  Barracks Reactor  
  30  4:29  Barracks Tech Lab  
  30  4:47  Factory Tech Lab  
  30  4:48  Supply Depot  
  30  4:54  Marauder  
  30  4:56  Combat Shields  
  32  5:09  Marine x2  
  32  5:12  Cyclone, Supply Depot  
  38  5:16  Command Center, Marauder  
  40  5:26  Marine  
  40  5:27  Marine  
  42  5:37  Starport  
  40  5:44  Cyclone  
  41  6:06  Marine  
  41  6:07  Marine x2  
  42  6:15  Stimpack  
  42  6:16  Cyclone  
  46  6:23  Marine  
  46  6:24  Marine  
  46  6:25  Marine  
  49  6:31  SCV  
  50  6:35  SCV  
  51  6:42  Marine  
  51  6:44  SCV  
  51  6:46  Starport Tech Lab  
  53  6:48  Engineering Bay, Siege Tank, SCV  
  57  6:56  SCV  
  57  7:00  SCV  
  59  7:08  SCV  
  56  7:12  SCV  
  53  7:20  Siege Tank, SCV  
  56  7:24  SCV  
  56  7:26  Marine x2  
  56  7:28  Marauder  
  61  7:32  Banshee  
  64  7:44  Marine x2  
  61  7:50  Marauder  
  65  7:52  Siege Tank  
  67  8:01  Marine  
  67  8:02  Marine  
  69  8:13  Marauder  
Show
View Real Time Build Order
Export as new Build Order

Gracz Protoss 

Build Orders: Nexus First 

Get SALT Encoding   

  12  0:02  Probe (Chrono Boost)  
  13  0:12  Probe (Chrono Boost)  
  14  0:20  Pylon  
  14  0:38  Probe (Chrono Boost)  
  15  0:49  Probe (Chrono Boost)  
  16  0:59  Probe (Chrono Boost)  
  16  1:01  Nexus  
  17  1:11  Probe (Chrono Boost)  
  18  1:22  Probe (Chrono Boost)  
  19  1:32  Gateway, Probe (Chrono Boost)  
  20  1:35  Assimilator  
  20  1:37  Assimilator  
  20  2:16  Pylon  
  20  2:22  Probe (Chrono Boost)  
  21  2:28  Probe (Chrono Boost)  
  22  2:40  Cybernetics Core  
  23  2:44  Probe (Chrono Boost)  
  23  2:48  Zealot  
  25  2:57  Probe (Chrono Boost)  
  26  3:08  Probe (Chrono Boost)  
  22  3:36  Mothership Core (Chrono Boost)  
  22  3:38  Stalker  
  26  3:53  Probe (Chrono Boost)  
  27  4:04  Probe (Chrono Boost)  
  26  4:14  Probe (Chrono Boost)  
  27  4:21  Probe (Chrono Boost)  
  28  4:25  Probe (Chrono Boost)  
  28  4:29  Pylon  
  29  4:32  Pylon, Probe (Chrono Boost)  
  29  4:35  Probe (Chrono Boost)  
  31  4:38  Gateway  
  31  4:42  Gateway, Probe (Chrono Boost)  
  31  4:45  Pylon  
  32  4:46  Probe (Chrono Boost)  
  32  4:49  Pylon  
  32  4:50  Warp Gate  
  33  4:53  Gateway  
  33  5:01  Probe (Chrono Boost)  
  34  5:12  Probe (Chrono Boost)  
  35  5:20  Gateway  
  35  5:23  Gateway  
  35  5:34  Pylon  
  32  6:04  Probe (Chrono Boost)  
  32  6:14  Probe (Chrono Boost)  
  32  6:17  Stalker  
  32  6:18  Stalker x2  
  39  6:25  Probe (Chrono Boost)  
  40  6:28  Twilight Council  
  40  6:55  Gateway  
  40  6:56  Gateway  
  40  6:59  Stalker x3  
  28  7:25  Stalker x2  
  28  7:26  Stalker  
  34  7:43  Stalker  
  31  7:50  Stalker  
  31  7:51  Stalker x2  
  35  7:59  Mothership Core (Chrono Boost)  
  35  8:01  Stalker x2  
Tags
 
Add a new tag
Caveats
  • Supply blocks, unpowered buildings, or Contaminate may cause inaccurate times.
  • Supply counts are checked every 10 seconds.